 Dungeon Crawl Stone Soup version 0.30-a0-142-g7370640ec8 (webtiles) character file.

Game seed: 15102687875532031077

96 qw the Chopper (level 4, 0/28 HPs)
             Began as a Gargoyle Fighter on Sept 25, 2022.
             Killed by divine providence
             ... invoked by an orc priest
              (10 damage)
             ... on level 3 of the Dungeon.
             The game lasted 00:00:49 (2161 turns).

qw the Chopper (Gargoyle Fighter)                   Turns: 2161, Time: 00:00:49

Health: 0/28       AC: 12    Str: 21    XL:     4   Next: 67%
Magic:  4/4        EV:  9    Int:  9    God:
Gold:   71         SH:  4    Dex:  9    Spells: 3/3 levels left

rFire   . . .      SeeInvis .    Y - +0 war axe
rCold   + . .      Faith    .    c - +0 buckler
rNeg    + . .      Spirit   .    b - +0 scale mail
rPois   inf        Reflect  .    k - +0 helmet
rElec   +          Harm     .    j - +0 cloak
rCorr   .          Rampage  .    (no gloves)
Will    .....                    (no boots)
Stlth   ..........               (no amulet)
HPRegen 0.09/turn                e - ring of protection from cold
MPRegen 0.09/turn                (no ring)

@: no status effects
A: sickness immunity, AC +3, negative energy resistance 1, electricity
resistance, torment resistance 1, petrification resistance
a: no special abilities


You were on level 3 of the Dungeon.
You visited 1 branch of the dungeon, and saw 3 of its levels.

You collected 71 gold pieces.


Innate Abilities, Weirdness & Mutations

You are immune to sickness and miasma.
Your stone body is resilient. (AC +3)
You are immune to poison.
You resist negative energy. (rN+)
You are resistant to electric shocks. (rElec)
You are resistant to unholy torment.
You are immune to petrification.


   Skills:
 - Level 3.2 Fighting
 + Level 4.3 Axes
 - Level 3.2 Armour
 - Level 3.2 Shields


You had 3 spell levels left.
You didn't know any spells.
Your spell library was empty.

Inventory:

Hand Weapons
 n - a +0 flail
 Y - a +0 war axe (weapon)
Armour
 b - a +0 scale mail (worn)
 c - a +0 buckler (worn)
 j - a +0 cloak (worn)
 k - a +0 helmet (worn)
Jewellery
 e - a ring of protection from cold (left hand)
Scrolls
 a - a scroll of teleportation
 i - a scroll of identify
Potions
 d - a potion of might
 f - a potion of mutation
 g - a potion of heal wounds
 m - a potion of lignification {unknown}

Dungeon Overview and Level Annotations

Branches:
Dungeon (3/15)

Altars:


Message History

You hit the orc.
The orc is almost dead.
The orc barely misses you.
You hit the orc.
You kill the orc!
Things that are here:
a +0 flail; 7 gold pieces; an orc corpse An orc is nearby!
2150 ||| Stepping ~*~*~tactically~*~*~ (stealth).
2151 ||| Stepping ~*~*~tactically~*~*~ (stealth).
2152 ||| Stepping ~*~*~tactically~*~*~ (stealth).
An orc wizard comes into view. It is wielding a +0 dagger.
The orc shouts!
You hear a shout!
The orc wizard points at you and mumbles some strange words.
You are confused.
2154 ||| DRINKING potion of curing.
You feel better.
2154 ||| (to cure confusion)
An orc priest comes into view. It is wielding a +0 flail.
2156 ||| Stepping ~*~*~tactically~*~*~ (hiding).
You hit the orc.
The orc is heavily wounded.
The orc hits you with a +0 mace.
You barely miss the orc.
The orc is heavily wounded.
The orc hits you with a +0 mace.
You hit the orc but do no damage.
The orc is heavily wounded.
The orc hits you with a +0 mace. You block the orc's attack.
You barely miss the orc.
The orc is heavily wounded.
You barely miss the orc wizard. The orc barely misses you.
The orc priest mumbles some strange prayers to Beogh against you.
Beogh smites you!
You slash the orc!
You kill the orc!
You miss the orc wizard.
The orc priest mumbles some strange prayers to Beogh against you.
Beogh smites you!
You die...

.# #. ####.#. #.#
.##....... #...
......#.#
..#.#####.......#
....... .>.....# .
.......##.....# ..
...#..o@......###..#
........))#)......#
....#...#.).).....##
... ##.o#).<).......
# #....#.#.......
#.............#..
............####
##..........#
...........##


You could see an orc priest and an orc wizard.

Vanquished Creatures
  Jessica (D:3)
  Robin (D:2)
  A worm (D:2)
  A dart slug (D:3)
  5 orcs
  5 ball pythons
  An endoplasm (D:1)
  A giant cockroach (D:2)
  4 goblins
  5 hobgoblins
  7 quokkas
  3 bats (D:1)
  3 frilled lizards
  7 kobolds
  6 rats
51 creatures vanquished.

Notes
Turn   | Place    | Note
-------+----------+-------------------------------------------
     0 | D:1      | qw the Gargoyle Fighter began the quest for the Orb.
     0 | D:1      | Reached XP level 1. HP: 14/14 MP: 1/1
     0 | D:1      | 0 ||| qw: Version: 0.2-a-10-g399e6c4
     0 | D:1      | 0 ||| qw: Game counter: 409
     0 | D:1      | 0 ||| qw: Always use a shield: true
     0 | D:1      | 0 ||| qw: God list: Okawaru
     0 | D:1      | 0 ||| qw: Allow faded altars: false
     0 | D:1      | 0 ||| qw: Do Orc after D:15 true
     0 | D:1      | 0 ||| qw: Do second Lair branch before Depths: true
     0 | D:1      | 0 ||| qw: Lair rune preference: random
     0 | D:1      | 0 ||| qw: Plans: Normal, Zot:1-4, God:TSO, Crypt, Tomb,
                  | Pan, Slime:5, Hells, Abyss, Orb
     0 | D:1      | 0 ||| PLANNING D:1-11
    83 | D:1      | Reached skill level 2 in Axes
   117 | D:1      | HP: 1/14 [quokka (4)]
   444 | D:1      | Reached XP level 2. HP: 15/19 MP: 2/2
   741 | D:1      | 741 ||| DROPPING +0 whip.
   929 | D:1      | Reached skill level 3 in Axes
  1135 | D:1      | 1135 ||| UPGRADING to +0 cloak.
  1140 | D:1      | 1140 ||| UPGRADING to +0 helmet.
  1145 | D:1      | 1145 ||| READING scroll labelled ZUULYPT XANEO.
  1146 | D:1      | 1146 ||| READING scroll labelled OGAABR BENYO.
  1150 | D:1      | 1150 ||| READING 2 scrolls labelled TAARIEBLUO.
  1151 | D:1      | 1151 ||| READING scroll labelled LEIHAPL XYFULI.
  1242 | D:2      | Reached XP level 3. HP: 23/23 MP: 3/3
  1333 | D:2      | 1333 ||| Stepping ~*~*~tactically~*~*~ (stealth).
  1649 | D:2      | 1649 ||| Stepping ~*~*~tactically~*~*~ (stealth).
  1772 | D:2      | Noticed Robin
  1780 | D:2      | Killed Robin
  1852 | D:2      | Reached XP level 4. HP: 28/28 MP: 4/4
  1917 | D:2      | 1917 ||| UPGRADING to ring of protection from cold.
  1918 | D:2      | 1918 ||| READING scroll labelled YRPHUR DIORGH.
  2019 | D:2      | 2019 ||| READING 4 scrolls of identify.
  2019 | D:2      | 2019 ||| IDENTIFYING bubbling purple potion
  2020 | D:2      | 2020 ||| READING 3 scrolls of identify.
  2020 | D:2      | 2020 ||| IDENTIFYING smoky pink potion
  2021 | D:2      | 2021 ||| READING 2 scrolls of identify.
  2021 | D:2      | 2021 ||| IDENTIFYING metallic blue potion
  2028 | D:3      | Noticed Jessica
  2030 | D:3      | 2030 ||| Stepping ~*~*~tactically~*~*~ (hiding).
  2036 | D:3      | Killed Jessica
  2037 | D:3      | Reached skill level 4 in Axes
  2038 | D:3      | 2038 ||| FLEEEEING.
  2039 | D:3      | 2039 ||| STAIRDANCE
  2131 | D:3      | 2131 ||| Stepping ~*~*~tactically~*~*~ (stealth).
  2150 | D:3      | 2150 ||| Stepping ~*~*~tactically~*~*~ (stealth).
  2151 | D:3      | 2151 ||| Stepping ~*~*~tactically~*~*~ (stealth).
  2152 | D:3      | 2152 ||| Stepping ~*~*~tactically~*~*~ (stealth).
  2154 | D:3      | 2154 ||| DRINKING potion of curing.
  2154 | D:3      | 2154 ||| (to cure confusion)
  2156 | D:3      | 2156 ||| Stepping ~*~*~tactically~*~*~ (hiding).
  2161 | D:3      | Killed from afar by an orc priest

Levels and vault maps discovered:
D:1:      dpeg_arrival_long_road, layout_basic, corexii_hall_statues_i
D:2:      layout_basic, uniq_robin
D:3:      layout_rooms, hellmonk_ecumenical_altar_lost_god,
          kennysheep_another_room, uniq_terence, uniq_jessica

Skill      XL: |  1  2  3  4 |
---------------+-------------+-----
Axes           | 2 3 4 |  4.3
Fighting       | |  3.2
Armour         | |  3.2
Shields        | |  3.2

Action                   |  1- 3 |  4- 6 || total
-------------------------+-------+-------++-------
Melee: War axe           |   139 |    19 ||   158
  Use: Scroll            |     4 |     4 ||     8
       Potion            |       |     1 ||     1
Armor: Scale mail        |    73 |     9 ||    82
Dodge: Dodged            |    71 |     9 ||    80
Block: Buckler           |    25 |     6 ||    31

Table legend:
 A = Non-vault XP
 B = Vault XP
 C = Vault XP percentage of total XP
 D = Non-vault monster count
 E = Vault monster count
 F = Vault count percentage of total count
                 A         B        C        D         E       F
            +---------+---------+-------+---------+---------+-------
      Total |      83 |      58 |  41.1 |      46 |       5 |   9.8
            +---------+---------+-------+---------+---------+-------
        D:1 |      31 |       0 |   0.0 |      20 |       0 |   0.0
        D:2 |      30 |      21 |  41.2 |      16 |       4 |  20.0
        D:3 |      22 |      37 |  62.7 |      10 |       1 |   9.1
            +---------+---------+-------+---------+---------+-------
